 Dungeon Crawl Stone Soup version 0.15.2 (webtiles) character file.

159 magipi the Ducker (level 5, -1/27 HPs)
             Began as a Spriggan Berserker on July 16, 2016.
             Was a Priest of Trog.
             Slain by a giant frog (6 damage)
             ... while paralysed by Grinder
             ... on Level 4 of the Dungeon.
             The game lasted 00:20:02 (3152 turns).

magipi the Ducker (Spriggan Berserker)              Turns: 3152, Time: 00:20:02

HP  -1/27        AC  4     Str 13      XL: 5   Next: 17%
MP  10/10        EV  4     Int  8      God: Trog [***...]
Gold 165         SH  0     Dex 17      Spells:  0 memorised,  4 levels left

rFire  . . .     SeeInvis +     b - +0 blowgun
rCold  . . .     Clarity  .     p - +0 animal skin
rNeg   + . .     rCorr    .     (shield restricted)
rPois  .         rRot     .     m - +1 hat
rElec  .         Spirit   .     t - +0 cloak
SustAb .         Warding  +     (gloves unavailable)
rMut   .         Stasis   .     (boots unavailable)
Gourm  .                        h - amulet of warding
MR     .....                    (no ring)
                                (no ring)

@: paralysed, very quick, not resistant to hostile enchantments, unstealthy
A: unfitting armour, see invisible, herbivore 3, speed 3, slow metabolism 2
a: Burn Spellbooks, Berserk, Trog's Hand, Renounce Religion


You were on level 4 of the Dungeon.
You worshipped Trog.
Trog was most pleased with you.
You were not hungry.

You visited 1 branch of the dungeon, and saw 5 of its levels.

You collected 165 gold pieces.

Inventory:

Hand weapons
 a - a +0 mace
 b - a +0 blowgun (weapon)
Missiles
 d - 7 tomahawks
 q - 4 poisoned needles (quivered)
Armour
 m - a +1 hat (worn)
 p - a +0 animal skin (worn)
 t - a +0 cloak (worn)
Comestibles
 l - 2 bread rations
Scrolls
 e - 4 scrolls of identify
 f - 6 scrolls of remove curse
 i - a scroll of enchant weapon {unknown}
 j - 3 scrolls of immolation
 k - a scroll of teleportation
 o - 2 scrolls of fog
 r - a scroll of fear {unknown}
 w - a scroll of magic mapping {unknown}
Jewellery
 h - an amulet of warding (around neck)
Potions
 c - a potion of porridge
 g - a potion of curing
 n - 5 potions of might
 s - 2 potions of agility


   Skills:
 - Level 2.4 Fighting
 * Level 4.1 Maces & Flails
 + Level 2.0 Throwing
 - Level 4.8 Dodging


You had 4 spell levels left.
You didn't know any spells.

Dungeon Overview and Level Annotations

Branches:
Dungeon (5/15)
 Temple: D:4-7

Altars:
Kikubaaqudgha
Sif Muna
Yredelemnul
Zin
The Shining One

Annotations:
D:4 Grinder


Innate Abilities, Weirdness & Mutations

You are tiny and cannot use many weapons and most armour.
You have supernaturally acute eyesight.
You are a herbivore.
You cover ground extremely quickly.
You need consume almost no food.

Vault maps used:
D:1:      wheals_arrival_shading
D:2:      kennysheep_the_goblin_king, dk_yredelemnul_ordeal
D:3:      led_sif_book, grunt_temple_overflow_open, kennysheep_jessica_study,
          uniq_iyjb
D:4:      first_bread, uniq_grinder
D:5:      lightli_ossuary_entry_decrepit_ruins, basic_altar


Message History

The poisoned needle hits the giant newt!
The giant newt is poisoned.
Firing (i - inventory. (,) - cycle):
q - 6 poisoned needles (quivered)
Press: ? - help, Shift-Dir - straight line, f/p - giant newt
Aim: a giant newt (poisoned)
You shoot a poisoned needle.
The poisoned needle closely misses the giant newt.
You kill the giant newt!
Trog accepts your kill.
q - 6 poisoned needles (gained 1)
q - 7 poisoned needles (gained 1)
The worker ant twitches its antennae in your direction.
There is an open door here.
Firing (i - inventory. (,) - cycle):
q - 7 poisoned needles (quivered)
Press: ? - help, Shift-Dir - straight line, f - worker ant
Aim: a worker ant (lightly wounded)
You shoot a poisoned needle.
The poisoned needle barely misses the worker ant.
Firing (i - inventory. (,) - cycle):
q - 6 poisoned needles (quivered)
Press: ? - help, Shift-Dir - straight line, f/p - worker ant
Aim: a worker ant (lightly wounded)
You shoot a poisoned needle.
The poisoned needle hits the worker ant!
The worker ant is poisoned.
The worker ant is lightly wounded.
Firing (i - inventory. (,) - cycle):
q - 5 poisoned needles (quivered)
Press: ? - help, Shift-Dir - straight line, f/p - worker ant
Aim: a worker ant (almost dead, poisoned)
You shoot a poisoned needle.
The poisoned needle closely misses the worker ant.
You kill the worker ant!
Trog accepts your kill.
You have reached level 5!
You feel agile.
q - 5 poisoned needles (gained 1)
q - 6 poisoned needles (gained 1)
q - 7 poisoned needles (gained 1)
There is an open door here.
There is a stone staircase leading up here.
You climb upwards.
There is a stone staircase leading down here.
You climb downwards.
There is a stone staircase leading up here.
You open the door.
There is an open door here.
A kobold comes into view.
Found a helmet and 3 gold pieces.
A giant frog comes into view.
a - a +0 mace (weapon)
Unknown command.
The kobold closely misses you.
You hit the kobold.
The kobold is moderately wounded.
The kobold barely misses you.
You closely miss the kobold.
The kobold is moderately wounded.
The kobold closely misses you.
You closely miss the kobold.
The kobold is moderately wounded.
The kobold barely misses you.
You hit the kobold.
You kill the kobold!
Trog accepts your kill.
Your Throwing skill increases to level 2!
You see here a kobold corpse.
You offer a prayer to Trog.
The kobold corpse is slowly consumed by flames.
Trog is most pleased with you.
b - a +0 blowgun (weapon)
Firing (i - inventory. (,) - cycle):
q - 7 poisoned needles (quivered)
Press: ? - help, Shift-Dir - straight line, f - giant frog
Aim: a giant frog (resting)
You shoot a poisoned needle.
The helpless giant frog fails to defend itself.
The poisoned needle hits the giant frog in a vulnerable spot.
The giant frog is poisoned.
Firing (i - inventory. (,) - cycle):
q - 6 poisoned needles (quivered)
Press: ? - help, Shift-Dir - straight line, f/p - giant frog
Aim: a giant frog (poisoned)
You shoot a poisoned needle.
The poisoned needle barely misses the giant frog.
Firing (i - inventory. (,) - cycle):
q - 5 poisoned needles (quivered)
Press: ? - help, Shift-Dir - straight line, f/p - giant frog
Aim: a giant frog (poisoned)
You shoot a poisoned needle.
The poisoned needle hits the giant frog!
The giant frog looks even sicker.
Grinder comes into view.
Grinder shouts!
Grinder says, "Tell me all your secrets, or I'll kill you."
Grinder gestures.
Grinder blinks!
Grinder says, "At least Makhleb appreciates what I'm doing."
Grinder gestures at you.
You suddenly lose the ability to move!
The giant frog hits you. Grinder hits you! The giant frog hits you.
* * * LOW HITPOINT WARNING * * *
The giant frog hits you.
You die...

##....######## (.#
#.....##..#..###..##
#......#...........+
#......+..........[#
#..#..###'###.##$.##
####..###.###.###+###+####
#....#...........+.§§§§#
#....#<.....5F...#.§§§§#
#....#.......@...#.§§§§#
#....'...........#.§§§§#
#....#...........#.§§§.+
######.<##).####..###+##.##
...###..##..# #..# #.#
.....'...+....
.......s.........#
.....#...#....#.................
.....#...#....+........)$.......
.##.######+##.###.############.#


You could see Grinder and a giant frog.

Table legend:
 A = Kills in this place as a percentage of kills in entire the game.
 B = Kills by you in this place as a percentage of kills by you in the entire game.
 C = Kills by friends in this place as a percentage of kills by friends in the entire game.
 D = Other kills in this place as a percentage of other kills in the entire game.
 E = Experience gained in this place as a percentage of experience gained in the entire game.
 F = Experience gained in this place divided by the number of levels of this place that you have seen.
                   A       B       C       D       E      F
               +-------+-------+-------+-------+-------+----------------------
         Total | 100.0 | 100.0 |  -nan |  -nan | 100.0 |  45.6
       Dungeon | 100.0 | 100.0 |  -nan |  -nan | 100.0 |  45.6
               +-------+-------+-------+-------+-------+----------------------

Vanquished Creatures
  A worker ant (D:4)
  Ijyb (D:3)
  Jessica (D:3)
  An adder (D:3)
  3 gnolls (D:3)
  A giant mite (D:3)
  2 giant geckos
  A ball python (D:1)
  4 bats
  2 giant cockroaches
  13 goblins
  7 hobgoblins
  A quokka (D:3)
  3 giant newts
  5 jackals
  A jackal zombie (D:2)
  5 kobolds
  6 rats
58 creatures vanquished.

Vanquished Creatures (others)
  A goblin (D:2)
  A rat (D:2)
2 creatures vanquished.

Grand Total: 60 creatures vanquished

Notes
Turn   | Place    | Note
--------------------------------------------------------------
     0 | D:1      | magipi, the Spriggan Berserker, began the quest for the Orb.
     0 | D:1      | Reached XP level 1. HP: 11/11 MP: 2/2
   176 | D:1      | Reached XP level 2. HP: 11/16 MP: 4/4
   359 | D:1      | Acquired Trog's second power
  1008 | D:2      | Reached XP level 3. HP: 4/19 MP: 6/6
  1422 | D:2      | Noticed a human
  1428 | D:2      | Found a basalt altar of Yredelemnul.
  2071 | D:3      | Found an ancient bone altar of Kikubaaqudgha.
  2071 | D:3      | Found a glowing silver altar of Zin.
  2073 | D:3      | Noticed Ijyb
  2102 | D:3      | Found a glowing golden altar of the Shining One.
  2287 | D:3      | Killed Ijyb
  2287 | D:3      | Reached XP level 4. HP: 23/23 MP: 8/8
  2344 | D:3      | Noticed Jessica
  2365 | D:3      | Killed Jessica
  2549 | D:3      | Reached skill level 1 in Throwing
  2835 | D:3      | Found a deep blue altar of Sif Muna.
  2960 | D:5      | Entered Level 5 of the Dungeon
  2996 | D:5      | Noticed an ogre
  3096 | D:4      | Reached XP level 5. HP: 19/27 MP: 10/10
  3126 | D:4      | Noticed a giant frog
  3147 | D:4      | Noticed Grinder
  3150 | D:4      | Paralysed by Grinder for 3 turns
  3152 | D:4      | Slain by a giant frog

Action                   |  1- 3 |  4- 6 || total
-------------------------+-------+-------++-------
Melee: Mace              |   128 |    37 ||   165
 Fire: Blowgun           |     8 |    23 ||    31
Throw: Tomahawk          |    12 |     2 ||    14
Invok: Berserk           |     3 |       ||     3
  Use: Scroll            |       |     9 ||     9
 Stab: Sleeping          |     1 |     1 ||     2
  Eat: Bread ration      |     1 |       ||     1

Action                   |  1- 3 |  4- 6 || total
-------------------------+-------+-------++-------
Melee: Mace              |   128 |    37 ||   165
 Fire: Blowgun           |     8 |    23 ||    31
Throw: Tomahawk          |    12 |     2 ||    14
Invok: Berserk           |     3 |       ||     3
  Use: Scroll            |       |     9 ||     9
 Stab: Sleeping          |     1 |     1 ||     2
  Eat: Bread ration      |     1 |       ||     1
